 Dungeon Crawl Stone Soup version 0.19-a0-994-g3c636f0 (webtiles) character file.

51 4thArraOfDagon the Firebug (level 3, 0/19 HPs)
             Began as a Deep Elf Fire Elementalist on July 17, 2016.
             Succumbed to an adder's poison
             ... on level 3 of the Dungeon.
             The game lasted 00:02:55 (537 turns).

4thArraOfDagon the Firebug (DEFE)                    Turns: 537, Time: 00:02:56

Health: 0/19       AC:  2    Str:  5    XL:     3   Next: 58%
Magic:  0/9        EV: 18    Int: 20    God:
Gold:   41         SH:  0    Dex: 20    Spells: 1 memorised, 7 levels left

rFire  . . .     SeeInvis .     e - +0 short sword
rCold  . . .     Gourm    .     a - +0 robe
rNeg   . . .     Faith    .     (no shield)
rPois  .         Spirit   .     (no helmet)
rElec  .         Dismiss  .     (no cloak)
rCorr  .         Reflect  .     (no gloves)
SustAt .         Harm     .     (no boots)
MR     .....                    (no amulet)
Stlth  +++.......               (no ring)
                                j - ring of flight (curse)

@: agile, lethally poisoned (0 -> -3), not resistant to hostile enchantments,
fairly stealthy
A: no striking features
a: Evoke Flight


You were on level 3 of the Dungeon.
You were not hungry.

You visited 1 branch of the dungeon, and saw 3 of its levels.

You collected 41 gold pieces.

Inventory:

Hand Weapons
 e - a +0 short sword (weapon)
Armour
 a - a +0 robe (worn)
Jewellery
 g - an uncursed ring of resist corrosion {unknown}
 j - a cursed ring of flight (left hand)
Scrolls
 f - a scroll of fog {unknown}
 h - a scroll of noise {unknown}
Books
 b - a book of Flames

   Spells                             Type                      Level
   a - Flame Tongue                   Conjuration/Fire             1
   b - Throw Flame                    Conjuration/Fire             2
   c - Conjure Flame                  Conjuration/Fire             3
   d - Inner Flame                    Hexes/Fire                   3
   e - Sticky Flame                   Conjuration/Fire             4
   f - Fireball                       Conjuration/Fire             5
Comestibles
 c - a bread ration
 d - a meat ration
 i - a royal jelly


   Skills:
 - Level 2.4 Dodging
 - Level 2.4 Stealth
 + Level 3.4 Spellcasting
 * Level 2.5 Conjurations
 * Level 4.1 Fire Magic


You had 7 spell levels left.
You knew the following spells:

 Your Spells              Type           Power        Failure   Level  Hunger
a - Flame Tongue          Conj/Fire      ###..        3%          1    None


Dungeon Overview and Level Annotations

Branches:
Dungeon (3/15)

Altars:
Okawaru


Message History

You feel sick.
Unknown command.
Casting: Flame Tongue
Confirm with . or Enter, or press ? or * to list all spells.
Aiming: Flame Tongue
Press: ? - help, Shift-Dir - straight line, f - giant gecko
Aim: a giant gecko The flame tongue hits the giant gecko.
The giant gecko is lightly wounded.
* * * LOW HITPOINT WARNING * * *
You feel sick.
Found 11 gold pieces.
Casting: Flame Tongue
Confirm with . or Enter, or press ? or * to list all spells.
Aiming: Flame Tongue
Press: ? - help, Shift-Dir - straight line, f/p - giant gecko
Aim: a giant gecko (lightly wounded)
The flame tongue hits the giant gecko.
You kill the giant gecko!
You die...

#.###†######.#.#
#.#[.........#†#
#.........?..#.# ##
##.....$.....#.# #.
###............#.# #.
......8.$......#.######
###..8.8...##..#.......
#.8._.8.%##..########
#..8@8........#
.......8...#.....#
.$.........#.....#
...$###....+..... ...
....##..... .# ###..#
#.# #... .#.#


There were no monsters in sight!

Vanquished Creatures
  2 adders
  2 giant geckos
  6 orcs
  2 bats
  2 giant cockroaches
  A goblin (D:2)
  2 hobgoblins
  3 jackals
  A giant newt (D:2)
  A kobold (D:2)
  2 rats (D:2)
24 creatures vanquished.

Notes
Turn   | Place    | Note
-------+----------+-------------------------------------------
     0 | D:1      | 4thArraOfDagon the Deep Elf Fire Elementalist began the quest for the Orb.
     0 | D:1      | Reached XP level 1. HP: 10/10 MP: 6/6
    72 | D:2      | Reached XP level 2. HP: 15/15 MP: 1/8
   346 | D:2      | Reached XP level 3. HP: 14/19 MP: 1/9
   392 | D:3      | Reached skill level 4 in Fire Magic
   400 | D:3      | Found an iron altar of Okawaru.
   518 | D:3      | Found a faded altar of an unknown god.
   537 | D:3      | Succumbed to an adder's poison

Vault maps used:
D:1:      dpeg_arrival_snail
D:2:      minmay_misc_feat_room
D:3:      ecumenical_altar_2, okawaru_metal_pillars_1_2

Skill      XL: |  1  2  3 |
---------------+----------+-----
Conjurations   | 2 |  2.5
Fire Magic     | 4 |  4.1
Dodging        | |  2.4
Stealth        | |  2.4
Spellcasting   | |  3.4

Action                   || total
-------------------------++-------
Melee: Short sword       ||    29
 Cast: Flame Tongue      ||    45
  Use: Potion            ||     5
 Stab: Sleeping          ||     1
  Eat: Pizza             ||     1
Armor: Robe              ||    10
       Skin              ||    17
Dodge: Dodged            ||    34
